 Dungeon Crawl Stone Soup version 0.17-a0-1945-gfe993df (webtiles) character file.

118 esc the Insei (level 5, 0/34 HPs)
             Began as an Octopode Transmuter on Sept 30, 2015.
             Shot with a stone by a goblin (4 damage)
             ... on level 2 of the Dungeon.
             The game lasted 00:04:13 (1993 turns).

esc the Insei (Octopode Transmuter)                 Turns: 1993, Time: 00:04:13

Health: 0/34       AC:  1    Str:  9    XL:     5   Next: 2%
Magic:  9/9        EV: 13    Int: 16    God:
Gold:   114        SH:  0    Dex: 13    Spells: 1 memorised, 8 levels left

rFire  . . .     SeeInvis .       - Unarmed
rCold  . . .     Clarity  .     (no shield)
rNeg   . . .     SustAt   .     (helmet restricted)
rPois  .         Gourm    .     (no amulet)
rElec  .         Spirit   .     (no ring)
rCorr  .         Warding  .     (no ring)
rMut   .         Stasis   .     (no ring)
MR     .....                    (no ring)
Stlth  ++........               (no ring)
                                (no ring)
                                (no ring)
                                (no ring)

@: lethally poisoned (0 -> -3), appendage (expiring), not resistant to hostile
enchantments, unstealthy
A: almost no armour, amphibious, 8 rings, constrict 8, tentacle spike 3,
camouflage 1, gelatinous body 1
a: End Transformation


You were on level 2 of the Dungeon.
You were not hungry.
One of your tentacles had a temporary spike.
You visited 1 branch of the dungeon, and saw 2 of its levels.

You collected 114 gold pieces.

Inventory:

Missiles
 a - 52 arrows
Jewellery
 d - an uncursed ring of ice {rC+, rF-}
   (You found it on level 1 of the Dungeon)
 h - an uncursed ring of fire {rF+, rC-}
   (You found it on level 2 of the Dungeon)
Scrolls
 j - a scroll of amnesia
 k - a scroll of remove curse
Potions
 e - 2 potions of lignification {unknown}
 i - a potion of haste {unknown}
Books
 b - a book of Changes
Comestibles
 c - 3 bread rations {@e1}
 f - a meat ration {@e2}


   Skills:
 + Level 1.8 Fighting
 + Level 2.7 Dodging
 + Level 3.5 Unarmed Combat
 + Level 2.9 Spellcasting
 + Level 3.0 Transmutations


You had 8 spell levels left.
You knew the following spells:

 Your Spells              Type           Power        Failure   Level  Hunger
a - Beastly Appendage     Trmt           ##....       8%          1    #......


Dungeon Overview and Level Annotations

Branches:
Dungeon (2/15)

Altars:
Nemelex Xobeh
Xom


Innate Abilities, Weirdness & Mutations

You cannot wear most types of armour.
You are amphibious.
You can wear up to eight rings at the same time.
You can use your tentacles to constrict eight enemies at once.
Your skin changes colour to match your surroundings (Stealth).
Your rubbery body absorbs attacks (AC +1).
One of your tentacles bears a large vicious spike.


Message History

The jackal is too close now for your liking.
There is a stone staircase leading up here.
The jackal barks!
You closely miss the jackal. You grab the jackal. You tentacle-slap the jackal.
You constrict the jackal. The jackal barely misses you.
You tentacle-slap the jackal but do no damage.
You constrict the jackal. The jackal bites you.
The jackal completely misses you.
You take 2 damage, and have 25/29 hp.
You tentacle-slap the jackal.
You kill the jackal!
You open the door.
There is an open door here.
You open the door.
There is an open door here.
There is an open door here.
Some of the chunks of flesh in your inventory have rotted away.
There is an open door here.
There is an open door here.
Some of the chunks of flesh in your inventory have rotted away.
You see here 20 stones.
All of the chunks of flesh in your inventory have rotted away.
You see here 23 stones.
Done exploring.
Health restored: 29 Done exploring.
Natasha, Servant of Life and Death comes into view.
One of your tentacles grows a vicious spike.
You now have 7/8 mp.
An adder comes into view.
A goblin comes into view.
Natasha barely misses you.
There is an open door here.
You closely miss Natasha.
The goblin shouts!
You grab Natasha. You squeeze Natasha, but do no damage. You constrict Natasha.
Natasha casts a spell at you. The magic dart hits you!
You take 6 damage, and have 23/29 hp.
MASSIVE DAMAGE!!
You tentacle-slap Natasha but do no damage.
Your tentacle spike misses Natasha.
You constrict Natasha.
Natasha howls an incantation.
Natasha's fingertips start to glow.
Natasha barely misses you. The adder bites you.
You take 1 damage, and have 22/29 hp.
You tentacle-slap Natasha.
You pierce Natasha, but do no damage.
You squeeze Natasha, but do no damage. You constrict Natasha.
The adder misses you. Natasha claws you.
You take 4 damage, and have 18/29 hp.
You tentacle-slap Natasha.
You kill Natasha!
Moaning pathetically, Natasha's spirit plunges into the ground.
Your Transmutations skill increases to level 3!
The adder barely misses you.
You closely miss the adder. Your grab misses the adder. The adder bites you.
You take 2 damage, and have 16/29 hp.
You closely miss the adder. Your grab misses the adder. The adder misses you.
The goblin wields a hunting sling.
The goblin shoots a stone.
The stone hits you. The adder bites you.
* * * LOW HITPOINT WARNING * * *
You are poisoned.
The adder poisons you!
You take 8 damage, and have 8/29 hp.
MASSIVE DAMAGE!!
MP restored: 8 Drink which item? (? for menu, Esc to quit)
You feel better. The adder barely misses you.
The goblin shoots a stone.
The stone hits you.
You regained 3 hp, and now have 11/29 hp.
You tentacle-slap the adder but do no damage.
Your grab misses the adder.
Your tentacle spike misses the adder.
The adder bites you.
You take 2 damage, and have 9/29 hp.
You miss the adder. Your grab misses the adder. The adder barely misses you.
The goblin shoots a stone.
The stone hits you.
* * * LOW HITPOINT WARNING * * *
You take 2 damage, and have 7/29 hp.
You tentacle-slap the adder. You grab the adder.
Your tentacle spike misses the adder.
You constrict the adder. The adder closely misses you.
The goblin shoots a stone.
The stone hits you but does no damage. The adder barely misses you.
You barely miss the adder.
Your transformation is almost over.
You constrict the adder.
The goblin shoots a stone.
The stone closely misses you. The adder barely misses you.
You tentacle-slap the adder.
You pierce the adder.
You constrict the adder, but do no damage.
The adder bites you.
* * * LOW HITPOINT WARNING * * *
You are poisoned.
The adder poisons you!
The goblin shoots a stone.
The stone closely misses you.
You take 2 damage, and have 5/29 hp.
You tentacle-slap the adder.
You kill the adder!
You have reached level 5!
You feel agile.
* * * LOW HITPOINT WARNING * * *
You feel sick.
The goblin shoots a stone.
The stone hits you.
You die...

..#..# ##..# #.# #..# #....
.....# #..# #.###..# ####. .###.#
#..# #...(..# ## .# #.# ##+.#
#####.## .# #.# ##...## #.# ####
.###.# ##.....## ###.## #...
.....###.......## ##.#..## #.##
...####.........####......####.##
......+.........@†...............
...####.........#†........####.#.
..## ##........#.###.##.#####.#.
.## ##.....#.#.g#.........#... .#
##...##...#..#...###.###. .#
##+####....)...># #.# #. .# #.#
#.....##.## #.# #. .# #.#
#...#..#.####.# #. ## ##.##
##.÷..........# #.


You could see a goblin.

Vanquished Creatures
  Jessica (D:2)
  Natasha (twice) (D:2)
  3 adders (D:2)
  4 goblins (D:1)
  2 hobgoblins (D:1)
  5 jackals
  5 bats
  6 giant newts
  5 kobolds
  6 rats
39 creatures vanquished.

Notes
Turn   | Place    | Note
--------------------------------------------------------------
     0 | D:1      | esc the Octopode Transmuter began the quest for the Orb.
     0 | D:1      | Reached XP level 1. HP: 13/13 MP: 3/3
   315 | D:1      | Reached XP level 2. HP: 18/18 MP: 5/5
  1039 | D:2      | Noticed Jessica
  1040 | D:2      | HP: 4/18 [Jessica/nerve-wracking pain (14)]
  1050 | D:2      | Killed Jessica
  1050 | D:2      | Reached XP level 3. HP: 11/23 MP: 4/6
  1362 | D:2      | Found a sparkling altar of Nemelex Xobeh.
  1373 | D:2      | Reached XP level 4. HP: 19/28 MP: 7/7
  1534 | D:2      | Noticed Natasha
  1547 | D:2      | Killed Natasha
  1689 | D:2      | Found a shimmering altar of Xom.
  1978 | D:2      | Noticed Natasha
  1984 | D:2      | Killed Natasha
  1984 | D:2      | Reached skill level 3 in Transmutations
  1989 | D:2      | HP: 7/29 [goblin/stone (2)]
  1993 | D:2      | Reached XP level 5. HP: 5/34 MP: 9/9
  1993 | D:2      | Shot with a stone by a goblin

Vault maps used:
D:1:      dpeg_arrival_tiny_k
D:2:      old_standard_altar, xom_teletrap_fun, uniq_jessica, uniq_natasha

Action                   |  1- 3 |  4- 6 || total
-------------------------+-------+-------++-------
Melee: Unarmed           |    66 |    39 ||   105
 Cast: Beastly Appendage |     2 |     2 ||     4
  Use: Potion            |     3 |     1 ||     4
       Scroll            |     2 |       ||     2
 Stab: Sleeping          |     7 |     4 ||    11
  Eat: Chunk             |     1 |     2 ||     3

Vault maps used:
D:1:      dpeg_arrival_tiny_k
D:2:      old_standard_altar, xom_teletrap_fun, uniq_jessica, uniq_natasha

Table legend:
 A = Turns spent in this place as a percentage of turns spent in the entire game.
 B = Non-inter-level travel turns spent in this place as a percentage of non-inter-level travel turns spent in the entire game.
 C = Inter-level travel turns spent in this place as a percentage of turns spent in this place.
 D = Turns resting spent in this place as a percentage of non-inter-level travel turns spent in this place.
 E = Turns spent auto-exploring this place as a percentage of non-inter-level travel turns spent in this place.
 F = Non-inter-level travel turns spent in this place divided by the number of levels of this place that you've seen.
                   A       B       C       D       E      F
               +-------+-------+-------+-------+-------+----------------------
         Total | 100.0 | 100.0 |   0.5 |   2.4 |  10.8 | 208.0
       Dungeon | 100.0 | 100.0 |   0.5 |   2.4 |  10.8 | 208.0
               +-------+-------+-------+-------+-------+----------------------

Table legend:
 A = Kills in this place as a percentage of kills in entire the game.
 B = Kills by you in this place as a percentage of kills by you in the entire game.
 C = Kills by friends in this place as a percentage of kills by friends in the entire game.
 D = Other kills in this place as a percentage of other kills in the entire game.
 E = Experience gained in this place as a percentage of experience gained in the entire game.
 F = Experience gained in this place divided by the number of levels of this place that you have seen.
                   A       B       C       D       E      F
               +-------+-------+-------+-------+-------+----------------------
         Total | 100.0 | 100.0 |  -nan |  -nan | 100.0 |  84.5
       Dungeon | 100.0 | 100.0 |  -nan |  -nan | 100.0 |  84.5
               +-------+-------+-------+-------+-------+----------------------
